 Dungeon Crawl Stone Soup version 0.21.1-1-g345015f (webtiles) character file.

235 inc the Conjurer (level 6, -11/44 HPs)
             Began as a Gnoll Conjurer on June 9, 2018.
             Was a Follower of Vehumet.
             Mangled by an ogre
             ... wielding a +0 giant spiked club
              (21 damage)
             ... on level 3 of the Dungeon.
             The game lasted 00:07:00 (2286 turns).

inc the Conjurer (Gnoll Conjurer)                   Turns: 2286, Time: 00:07:01

Health: -11/44     AC:  6    Str: 12    XL:     6   Next: 6%
Magic:  0/13       EV: 11    Int: 18    God:    Vehumet [*.....]
Gold:   123        SH:  4    Dex: 15    Spells: 12/15 levels left

rFire    . . .     SeeInvis .   o - +1 flail (drain)
rCold    . . .     Gourm    .   e - +0 buckler
rNeg     . . .     Faith    .   d - +0 scale mail
rPois    .         Spirit   .   (no helmet)
rElec    .         Reflect  .   (no cloak)
rCorr    .         Harm     .   (no gloves)
MR       .....                  (no boots)
Stlth    +.........             (no amulet)
HPRegen  0.14/turn              (no ring)
MPRegen  0.13/turn              (no ring)

@: slowed, very slow
A: distributed training, fangs 1, strong nose
a: Renounce Religion


You were on level 3 of the Dungeon.
You worshipped Vehumet.
Vehumet was aware of your devotion.
You were not hungry.

You visited 1 branch of the dungeon, and saw 3 of its levels.

You collected 123 gold pieces.

Inventory:

Hand Weapons
 j - a +0 mace
 o - a +1 flail of draining (weapon)
Armour
 a - a +0 robe
 d - a +0 scale mail (worn)
 e - a +0 buckler (worn)
 h - a +0 robe
Jewellery
 n - an uncursed ring of teleportation
Scrolls
 f - 4 scrolls of remove curse
 i - 2 scrolls of fear {unknown}
 p - a scroll of enchant weapon {unknown}
 q - a scroll of amnesia {unknown}
 s - a scroll of blinking {unknown}
Potions
 g - a potion of heal wounds
 k - a potion of brilliance {unknown}
 l - a potion of agility
Books
 b - a book of Conjurations

   Spells                             Type                      Level
   a - Magic Dart                     Conjuration                  1
   b - Searing Ray                    Conjuration                  2
   c - Dazzling Spray                 Conjuration/Hexes            3
   d - Fulminant Prism                Conjuration/Hexes            4
   e - Force Lance                    Conjuration/Translocation    4
   f - Iskenderun's Mystic Blast      Conjuration                  4
 m - Kikubaaqudgha's Reference Book on Stolen Souls
   (You found it on level 2 of the Dungeon)

   Spells                             Type                      Level
   a - Animate Skeleton               Necromancy                   1
Comestibles
 c - 6 rations
 r - a chunk of flesh


   Skills:
 + Level 1.7 Fighting
 + Level 1.7 Short Blades
 + Level 1.7 Long Blades
 + Level 1.7 Axes
 + Level 1.7 Maces & Flails
 + Level 1.7 Polearms
 + Level 1.7 Staves
 + Level 1.7 Slings
 + Level 1.7 Bows
 + Level 1.7 Crossbows
 + Level 1.7 Throwing
 + Level 1.7 Armour
 + Level 4.9 Dodging
 + Level 4.5 Stealth
 + Level 1.7 Shields
 + Level 1.7 Unarmed Combat
 + Level 5.2 Spellcasting
 + Level 7.2 Conjurations
 + Level 1.3 Hexes
 + Level 1.3 Charms
 + Level 1.3 Summonings
 + Level 1.3 Necromancy
 + Level 1.3 Translocations
 + Level 1.3 Transmutations
 + Level 1.3 Fire Magic
 + Level 1.3 Ice Magic
 + Level 1.3 Air Magic
 + Level 1.3 Earth Magic
 + Level 1.3 Poison Magic
 + Level 1.9 Invocations
 + Level 1.7 Evocations


You had 12 spell levels left.
You knew the following spells:

 Your Spells              Type           Power        Failure   Level  Hunger
a - Magic Dart            Conj           ####         4%          1    None
b - Searing Ray           Conj           ####..       7%          2    #......


Dungeon Overview and Level Annotations

Branches:
Dungeon (3/15)

Altars:
Kikubaaqudgha
Sif Muna
Vehumet


Innate Abilities, Weirdness & Mutations

Your experience applies equally to all skills.
You have very sharp teeth.
Your uncanny sense of smell can sniff out nearby items.


Message History

You have reached level 6!
Your experience leads to an increase in your attributes!
Increase (S)trength, (I)ntelligence, or (D)exterity?
You feel clever. (Press . to maintain the ray.)
The ogre closely misses you.
Casting: Searing Ray
Confirm with . or Enter, or press ? or * to list all spells.
Aiming: Searing Ray
Press: ? - help, Shift-Dir - straight line, f - ogre
Aim: an ogre, wielding a giant spiked club The searing ray hits the ogre.
The ogre is moderately wounded. (Press . to maintain the ray.)
The ogre hits you with a giant spiked club!
* * * LOW HITPOINT WARNING * * *
The searing ray hits the ogre.
The ogre is heavily wounded.
The ogre hits you with a giant spiked club!!
You die...

#.#.........# #.#.###.....#
............# #.#.####....#
#....#######. #...........#
#.#.######..)......#
#.#.......O...)....# #.#
#####.@).......## #######.#
#.........).# .....#..#
#...........# ........#
#...........#
........#######.)###......#
.........(..)..).# #......#
####'#..########.###......#
#.#...................<#
#.#.#########.###..)...#


You could see an ogre.

Vanquished Creatures
  An orc wizard (D:3)
  Terence (D:2)
  7 gnolls
  3 adders (D:2)
  3 worms (D:2)
  2 dart slugs
  A leopard gecko (D:2)
  3 orcs (D:3)
  2 ball pythons
  3 giant cockroaches
  13 goblins
  6 hobgoblins
  2 jackals (D:2)
  2 quokkas (D:3)
  3 bats
  A frilled lizard (D:1)
  16 kobolds
  5 rats
74 creatures vanquished.

Notes
Turn   | Place    | Note
-------+----------+-------------------------------------------
     0 | D:1      | inc the Gnoll Conjurer began the quest for the Orb.
     0 | D:1      | Reached XP level 1. HP: 13/13 MP: 6/6
   102 | D:1      | Reached XP level 2. HP: 19/19 MP: 1/7
   218 | D:1      | Learned a level 2 spell: Searing Ray
   455 | D:1      | Reached XP level 3. HP: 25/25 MP: 3/9
   508 | D:1      | Reached skill level 5 in Spellcasting
   725 | D:2      | Found a deep blue altar of Sif Muna.
   728 | D:2      | Found an ancient bone altar of Kikubaaqudgha.
   728 | D:2      | Found a radiant altar of Vehumet.
   730 | D:2      | Identified Kikubaaqudgha's Reference Book on Stolen Souls
   747 | D:2      | Became a worshipper of Vehumet
   778 | D:2      | Noticed Terence
   789 | D:2      | Killed Terence
   789 | D:2      | Reached skill level 1 in Fighting
   789 | D:2      | Reached skill level 1 in Short Blades
   789 | D:2      | Reached skill level 1 in Long Blades
   789 | D:2      | Reached skill level 1 in Axes
   789 | D:2      | Reached skill level 1 in Maces & Flails
   789 | D:2      | Reached skill level 1 in Polearms
   789 | D:2      | Reached skill level 1 in Staves
   789 | D:2      | Reached skill level 1 in Slings
   789 | D:2      | Reached skill level 1 in Bows
   789 | D:2      | Reached skill level 1 in Crossbows
   789 | D:2      | Reached skill level 1 in Throwing
   789 | D:2      | Reached skill level 1 in Armour
   789 | D:2      | Reached skill level 1 in Shields
   789 | D:2      | Reached skill level 1 in Unarmed Combat
   789 | D:2      | Reached skill level 1 in Invocations
   789 | D:2      | Reached skill level 1 in Evocations
   895 | D:2      | Reached XP level 4. HP: 32/32 MP: 4/11
  1233 | D:2      | Reached skill level 1 in Hexes
  1233 | D:2      | Reached skill level 1 in Charms
  1233 | D:2      | Reached skill level 1 in Summonings
  1233 | D:2      | Reached skill level 1 in Necromancy
  1233 | D:2      | Reached skill level 1 in Translocations
  1233 | D:2      | Reached skill level 1 in Transmutations
  1233 | D:2      | Reached skill level 1 in Fire Magic
  1233 | D:2      | Reached skill level 1 in Ice Magic
  1233 | D:2      | Reached skill level 1 in Air Magic
  1233 | D:2      | Reached skill level 1 in Earth Magic
  1233 | D:2      | Reached skill level 1 in Poison Magic
  1260 | D:2      | Reached XP level 5. HP: 25/37 MP: 2/12
  1441 | D:2      | Reached * piety under Vehumet
  1441 | D:2      | Offered knowledge of Sandblast by Vehumet.
  2267 | D:3      | Noticed an ogre
  2284 | D:3      | Reached XP level 6. HP: 18/44 MP: 3/13
  2286 | D:3      | Mangled by an ogre

Skill      XL: |  1  2  3  4 |
---------------+-------------+-----
Spellcasting   | 5 |  5.2
Fighting       | 1 |  1.7
Short Blades   | 1 |  1.7
Long Blades    | 1 |  1.7
Axes           | 1 |  1.7
Maces & Flails | 1 |  1.7
Polearms       | 1 |  1.7
Staves         | 1 |  1.7
Slings         | 1 |  1.7
Bows           | 1 |  1.7
Crossbows      | 1 |  1.7
Throwing       | 1 |  1.7
Armour         | 1 |  1.7
Shields        | 1 |  1.7
Unarmed Combat | 1 |  1.7
Invocations    | 1 |  1.9
Evocations     | 1 |  1.7
Hexes          | 1 |  1.3
Charms         | 1 |  1.3
Summonings     | 1 |  1.3
Necromancy     | 1 |  1.3
Translocations | 1 |  1.3
Transmutations | 1 |  1.3
Fire Magic     | 1 |  1.3
Ice Magic      | 1 |  1.3
Air Magic      | 1 |  1.3
Earth Magic    | 1 |  1.3
Poison Magic   | 1 |  1.3
Dodging        | |  4.9
Stealth        | |  4.5
Conjurations   | |  7.2

Action                   |  1- 3 |  4- 6 || total
-------------------------+-------+-------++-------
Melee: Mace              |     1 |       ||     1
       Flail             |       |    18 ||    18
 Cast: Magic Dart        |    53 |    90 ||   143
       Searing Ray       |     1 |     4 ||     5
  Use: Scroll            |       |     6 ||     6
       Potion            |       |     1 ||     1
  Eat: Chunk             |       |     4 ||     4
Armor: Robe              |     1 |     1 ||     2
       Scale mail        |       |     4 ||     4
Dodge: Dodged            |     6 |    31 ||    37
Block: Buckler           |       |    12 ||    12
